 Dungeon Crawl Stone Soup version 0.26.1-11-gd32895ea62 (webtiles) character file.

Game seed: 14374645706202985391

1526 ubername the Slasher (level 8, -4/70 HPs)
             Began as a Minotaur Berserker on May 14, 2021.
             Was an Elder of Trog.
             Slain by an orc warrior
             ... wielding a +0 halberd
              (10 damage)
             ... on level 6 of the Dungeon.
             The game lasted 00:12:06 (5321 turns).

ubername the Slasher (Minotaur Berserker)           Turns: 5321, Time: 00:12:06

Health: -4/70      AC:  5    Str: 27    XL:     8   Next: 54%
Magic:  7/7        EV: 13    Int:  5    God:    Trog [****..]
Gold:   86         SH:  0    Dex: 10    Spells: 7/7 levels left

rFire    x . .     SeeInvis .   y - +0 rapier (flame)
rCold    + . .     Faith    .   (no shield)
rNeg     . . .     Spirit   .   m - +2 leather armour of Follow the Leader {rPois rF- Str+4}
rPois    +         Reflect  .   (helmet restricted)
rElec    .         Harm     .   (no cloak)
rCorr    .         Rampage  .   (no gloves)
Will     .....                  (no boots)
Stlth    +.........             (no amulet)
HPRegen  0.21/turn              h - ring of protection from cold
MPRegen  0.10/turn              (no ring)

@: berserk cooldown, slowed, very slow
A: retaliatory headbutt, horns 2
a: Renounce Religion, Berserk, Trog's Hand, Brothers in Arms


You were on level 6 of the Dungeon.
You worshipped Trog.
Trog was greatly pleased with you.
You visited 1 branch of the dungeon, and saw 6 of its levels.

You collected 261 gold pieces.
You spent 175 gold pieces at shops.

Inventory:

Hand Weapons
 k - a +3 scimitar
 y - a +0 rapier of flaming (weapon)
Missiles
 p - 5 atropa-tipped darts (quivered)
 q - 17 poisoned darts
Armour
 j - a +0 chain mail
 m - the +2 leather armour of Follow the Leader (worn) {rPois rF- Str+4}
   (You bought it in a shop on level 4 of the Dungeon)

   It affects your strength (+4).
   It makes you vulnerable to fire.
   It protects you from poison.
Jewellery
 h - a ring of protection from cold (left hand)
Wands
 g - a wand of random effects (41)
 v - a wand of polymorph (9)
 x - a wand of iceblast (8)
Scrolls
 b - a scroll of noise {unknown}
 c - 3 scrolls of immolation {unknown}
 d - 12 scrolls of identify
 i - 3 scrolls of teleportation
 l - a scroll of remove curse
 o - a scroll of fog
 u - a scroll of blinking {unknown}
 w - a scroll of fear
Potions
 a - a potion of brilliance {unknown}
 e - a potion of might
 f - 2 potions of ambrosia {unknown}
 t - 2 potions of curing
 z - a potion of heal wounds


   Skills:
 + Level 5.9 Fighting
 * Level 5.6(7.2) Short Blades
 * Level 7.5(8.6) Long Blades
 * Level 3.3(4.1) Axes
 * Level 3.6(4.3) Maces & Flails
 + Level 4.7 Armour
 + Level 3.5 Dodging
 + Level 0.7 Stealth


You had 7 spell levels left.
You didn't know any spells.
Your spell library was empty.

Dungeon Overview and Level Annotations

Branches:
Dungeon (6/15)             Temple (0/1) D:5

Altars:
Gozag

Shops:
D:4 [   D:5 *


Innate Abilities, Weirdness & Mutations

You reflexively headbutt those who attack you in melee.
You have a pair of horns on your head.


Message History

You kill the giant cockroach!
Trog accepts your kill.
The orc warrior hits you from afar with a +0 halberd!!
The orc warrior hits you with a +0 halberd!!
Items here: )) [[ †††.
You barely miss the orc warrior.
The orc warrior hits you with a +0 halberd.
* * * LOW HITPOINT WARNING * * *
You barely miss the orc warrior.
The orc warrior hits you but does no damage.
You puncture the orc warrior! You burn the orc warrior.
Your headbutt misses the orc warrior.
The orc warrior is severely wounded.
The orc warrior hits you with a +0 halberd!
* * * LOW HITPOINT WARNING * * *
You hit the orc warrior but do no damage.
Your headbutt misses the orc warrior.
The orc warrior is severely wounded.
The orc warrior hits you with a +0 halberd!
You die...

.# B#### o...# ....#
....# #.########
##....##
#(.......#######......#
#######...†)@oo)...#
#(.#######.### #..#####
#.# #......# #.#
#..###.# #$# #[#..#.#
#.# #.#.<..# #.#
#.###### ... #.#


You could see an orc warrior and an orc.

Vanquished Creatures
  Sigmund (D:5)
  Eustachio (D:5)
  Duvessa (D:4)
  An ogre (D:2)
  A gnoll sergeant (D:6)
  2 scorpions (D:5)
  Dowan (D:4)
  4 wights
  A howler monkey (D:4)
  3 hounds
  2 iguanas (D:6)
  3 orc wizards
  5 worker ants (D:5)
  5 gnolls (D:6)
  13 adders
  A howler monkey skeleton (D:5)
  3 white imps
  An ooze (D:3)
  An adder skeleton (D:5)
  An adder zombie (D:5)
  A worm (D:4)
  2 dart slugs
  A leopard gecko (D:5)
  10 orcs
  A ball python (D:1)
  4 giant cockroaches
  6 goblins
  5 hobgoblins
  7 jackals (D:4)
  7 kobolds
  2 quokkas (D:3)
  A ball python skeleton (D:4)
  8 bats
  5 frilled lizards
  A leopard gecko skeleton (D:4)
  2 quokka skeletons
  4 rats
118 creatures vanquished.

Notes
Turn   | Place    | Note
-------+----------+-------------------------------------------
     0 | D:1      | ubername the Minotaur Berserker began the quest for the
                  | Orb.
     0 | D:1      | Reached XP level 1. HP: 19/19 MP: 0/0
   305 | D:1      | Reached XP level 2. HP: 24/27 MP: 1/1
   320 | D:1      | Reached skill level 4 in Long Blades
   803 | D:1      | You fall into a shaft and drop 1 floor!
   821 | D:2      | Reached XP level 3. HP: 34/34 MP: 2/2
   822 | D:2      | Reached ** piety under Trog
  1082 | D:2      | Found an opulent altar of Gozag.
  1242 | D:2      | Noticed an ogre
  1249 | D:2      | Killed an ogre
  1250 | D:2      | Reached skill level 5 in Fighting
  1250 | D:2      | Reached XP level 4. HP: 23/42 MP: 3/3
  1752 | D:3      | Reached XP level 5. HP: 44/48 MP: 4/4
  2408 | D:4      | Reached skill level 1 in Short Blades
  2408 | D:4      | Reached skill level 5 in Long Blades
  2417 | D:4      | Found Iluxin's Antique Armour Boutique.
  2428 | D:4      | Reached skill level 1 in Axes
  2501 | D:4      | Noticed Dowan
  2504 | D:4      | Noticed Duvessa
  2507 | D:4      | Killed Dowan
  2508 | D:4      | Reached skill level 1 in Maces & Flails
  2508 | D:4      | Reached XP level 6. HP: 56/56 MP: 5/5
  2516 | D:4      | Killed Duvessa
  3019 | D:4      | Reached *** piety under Trog
  3487 | D:4      | Reached XP level 7. HP: 58/61 MP: 6/6
  3540 | D:5      | Entered Level 5 of the Dungeon
  3551 | D:5      | Noticed Sigmund
  3822 | D:4      | Bought a scorched leather armour for 175 gold pieces
  3832 | D:4      | Identified the +2 leather armour of Follow the Leader
                  | {rPois rF- Str+4} (You bought it in a shop on level 4 of
                  | the Dungeon)
  3874 | D:5      | Found a staircase to the Ecumenical Temple.
  4277 | D:5      | Found Bugud's Lightly-Used Armoury.
  4346 | D:5      | Reached skill level 6 in Long Blades
  4549 | D:5      | Noticed Eustachio
  4594 | D:5      | Killed Eustachio
  4595 | D:5      | Reached skill level 5 in Short Blades
  4595 | D:5      | Reached XP level 8. HP: 34/69 MP: 7/7
  5219 | D:5      | Killed Sigmund
  5220 | D:5      | Reached skill level 7 in Long Blades
  5312 | D:6      | Reached **** piety under Trog
  5321 | D:6      | Slain by an orc warrior

Illustrated notes

Levels and vault maps discovered:
D:1:      eino_arrival_tree_alley, layout_basic, minivault_4
D:2:      layout_loops_ring, nicolae_gozag_seed_capital, serial_bayou_pond_c,
          roderic_roman_lattice
D:3:      layout_loops_ring, moated_statue
D:4:      layout_cave_pods, serial_shops, shop, uniq_duvessa
D:5:      layout_cave_pods, minmay_temple_entry_arrows, minmay_shop_damaged,
          uniq_sigmund, uniq_eustachio
D:6:      layout_basic, nicolae_lava_and_water

Skill      XL: |  1  2  3  4  5  6  7  8 |
---------------+-------------------------+-----
Fighting       | 4 5 |  5.9
Long Blades    | 4 5 6 7 |  7.5
Armour         | 3 4 |  4.7
Dodging        | 3 |  3.5
Short Blades   | 1 3 5 |  5.6
Axes           | 1 2 3 |  3.3
Maces & Flails | 1 3 |  3.6
Stealth        | |  0.7

Action                   |  1- 3 |  4- 6 |  7- 9 || total
-------------------------+-------+-------+-------++-------
Melee: Falchion          |    47 |       |       ||    47
       Headbutt          |     9 |    25 |    16 ||    50
       Short sword       |    12 |   136 |    21 ||   169
       Scimitar          |       |       |    50 ||    50
       Rapier            |       |       |    32 ||    32
Invok: Berserk           |       |     2 |     2 ||     4
  Use: Scroll            |       |    10 |       ||    10
       Potion            |       |     3 |     4 ||     7
Armor: Animal skin       |     2 |       |       ||     2
       Leather armour    |     3 |       |    32 ||    35
       Scale mail        |    14 |    36 |       ||    50
       Chain mail        |       |    13 |     6 ||    19
Dodge: Dodged            |    33 |    54 |    74 ||   161
       Rpst.: Falchion   |     9 |       |       ||     9
       Scimitar          |       |       |    13 ||    13
